 Dungeon Crawl Stone Soup version 0.28.0-47-ge53b351184 (webtiles) character file.

Game seed: 12940435444311091230

53 Bliebski the Ducker (level 3, -2/28 HPs)
             Began as a Demonspawn Gladiator on May 10, 2022.
             Was an Initiate of Qazlal.
             Slain by an adder (4 damage)
             ... on level 2 of the Dungeon.
             The game lasted 00:05:32 (1782 turns).

Bliebski the Ducker (Demonspawn Gladiator)          Turns: 1782, Time: 00:05:33

Health: -2/28      AC:  6    Str: 16    XL:     3   Next: 64%
Magic:  3/3        EV: 10    Int:  9    God:    Qazlal [......]
Gold:   92         SH:  0    Dex: 14    Spells: 2/2 levels left

rFire   . . .      SeeInvis .   a - +0 rapier
rCold   . . .      Faith    .   (no shield)
rNeg    . . .      Spirit   .   i - +0 scale mail
rPois   .          Reflect  .   (helmet restricted)
rElec   .          Harm     .   (no cloak)
rCorr   .          Rampage  .   (no gloves)
Will    .....                   (no boots)
Stlth   ..........              (no amulet)
HPRegen 0.09/turn               (no ring)
MPRegen 0.08/turn               (no ring)

@: lethally poisoned (-2 -> -10)
A: antennae 1, powered by pain 1
a: Renounce Religion


You were on level 2 of the Dungeon.
You worshipped Qazlal.
Qazlal was noncommittal.
You visited 1 branch of the dungeon, and saw 2 of its levels.

You collected 92 gold pieces.

Inventory:

Hand Weapons
 a - a +0 rapier (weapon)
Missiles
 d - 3 throwing nets (quivered)
Armour
 b - a +0 leather armour
 c - a +0 helmet
 i - a +0 scale mail (worn)
Scrolls
 e - a scroll of blinking {unknown}
 f - a scroll of noise {unknown}
 g - a scroll of identify {unknown}
Potions
 h - a potion of mutation {unknown}


   Skills:
 + Level 2.7 Fighting
 - Level 3.0 Short Blades
 - Level 2.0 Throwing
 + Level 0.8 Armour
 - Level 3.3 Dodging


You had 2 spell levels left.
You didn't know any spells.
Your spell library was empty.

Dungeon Overview and Level Annotations

Branches:
Dungeon (2/15)

Altars:
Qazlal


Innate Abilities, Weirdness & Mutations

You have a pair of small antennae on your head.
You sometimes gain a little power by taking damage.


Message History

The hobgoblin barely misses you.
You hit the hobgoblin.
The hobgoblin is moderately wounded.
The adder barely misses you.
The hobgoblin hits you but does no damage.
The adder bites you.
You hit the hobgoblin.
The hobgoblin is severely wounded.
The adder barely misses you. The hobgoblin hits you.
You puncture the hobgoblin!
You kill the hobgoblin!
Qazlal accepts your kill. The adder bites you but does no damage.
The adder barely misses you.
You see here a hobgoblin corpse.
You hit the adder.
The adder is lightly wounded.
The adder bites you.
You hit the adder.
The adder is moderately wounded.
The adder bites you but does no damage.
You hit the adder but do no damage.
The adder is moderately wounded.
The adder bites you but does no damage. The adder barely misses you.
You hit the adder.
The adder is severely wounded.
The adder bites you.
You are poisoned.
The adder poisons you!
You hit the adder.
The adder is almost dead.
You feel sick. The adder misses you. The adder bites you.
* * * LOW HITPOINT WARNING * * *
You are more poisoned.
The adder poisons you!
You barely miss the adder.
The adder is severely wounded.
* * * LOW HITPOINT WARNING * * *
You feel sick. The adder bites you.
You die...

#.#
##................#
#.#
#....#####..#####..
#.# #...#S###!#..#
## #.#
#..#.#.#†#.#....
#.#
###..##.#$#.##.####
..# #....###[#)##
.. ..#
#....##.#)#.# .##
.## #....#S#.#.#.#
.# #...@S#.###.#..
.# ..........##
#...# .#
............. .....
.# ........#......
.... ##
.....?..#....... ..
........#.......
........#.......
.!......#.......


You could see 2 adders.

Vanquished Creatures
  An adder (D:2)
  A dart slug (D:1)
  7 ball pythons
  8 bats
  2 endoplasms (D:1)
  3 giant cockroaches
  2 goblins
  4 hobgoblins
  3 jackals (D:2)
  4 kobolds (D:1)
  A frilled lizard (D:1)
  4 rats (D:1)
40 creatures vanquished.

Notes
Turn   | Place    | Note
-------+----------+-------------------------------------------
     0 | D:1      | Bliebski the Demonspawn Gladiator began the quest for the
                  | Orb.
     0 | D:1      | Reached XP level 1. HP: 16/16 MP: 1/1
   116 | D:1      | Gained mutation: You sometimes gain a little power by
                  | taking damage. [demonic ancestry]
   116 | D:1      | Reached XP level 2. HP: 16/22 MP: 2/2
   705 | D:1      | Found a faded altar of an unknown god.
  1067 | D:1      | Gained mutation: You have a pair of small antennae on your
                  | head. [demonic ancestry]
  1067 | D:1      | Reached XP level 3. HP: 28/28 MP: 3/3
  1666 | D:2      | Found a stormy altar of Qazlal.
  1682 | D:2      | Became a worshipper of Qazlal Stormbringer
  1782 | D:2      | Slain by an adder

Illustrated notes

Levels and vault maps discovered:
D:1:      lightli_arrival_lavapool, layout_loops_ring,
          hellmonk_ecumenical_altar_lost_god
D:2:      layout_basic, basic_altar, minmay_circle_x

Skill      XL: |  1  2 |
---------------+-------+-----
Throwing       | 2 |  2.0
Dodging        | 3 |  3.3
Short Blades   | 3 |  3.0
Fighting       | |  2.7
Armour         | |  0.8

Action                   || total
-------------------------++-------
Melee: Rapier            ||   156
       Punch             ||     1
Armor: Leather armour    ||    49
       Scale mail        ||    39
Dodge: Dodged            ||   106
